[Event "POL-chT 2nd League Juniors 2020"]
[Site "Sypniewo"]
[Date "2020.10.26"]
[Round "5.6"]
[White "Gaszka, Zuzanna"]
[Black "Wieczorek, Maja"]
[Result "1-0"]
[ECO "B40"]
[WhiteElo "1417"]
[BlackElo "1141"]
[Annotator "NA RC"]
[PlyCount "105"]
[EventDate "2020.10.23"]
[EventType "team-tourn"]
[EventCountry "POL"]
[SourceTitle "playchess.com"]
[Source "ChessBase"]
[SourceQuality "1"]
[TimeControl "5400+30"]

1. e4 c5 2. Nf3 e6 3. d4 cxd4 4. Nxd4 Nf6 5. Nc3 Bb4 6. e5 Nd5 7. Qg4 Kf8 8. Bd2 Nxc3 9. Nxe6+ dxe6 10. Qxb4+ Qe7 11. Bxc3 Nc6 12. Qxe7+ Kxe7 13. O-O-O Rd8 14. Rxd8 Kxd8 15. Bb5 Kc7 16. Rd1 Bd7 17. f4 a6 18. Bd3 Ne7 19. Be4 Bc6 20. Bxc6 Nxc6 21. Rd3 Rd8 22. Rg3 g6 23. Rf3 b6 24. g4 Nd4 25. Bxd4 Rxd4 26. c3 Rd5 27. Rh3 Kd7 28. Rxh7 Ke7 29. Kc2 b5 30. h4 Rc5 31. b3 Kf8 32. Rh8+ Kg7 33. Ra8 Rc6 34. Ra7 Rb6 35. h5 gxh5 36. gxh5 Kh6 37. Rxf7 Kxh5 38. Rf6 Kg4 39. f5 Rb8 40. fxe6 Rh8 41. e7 Re8 42. Rf7 Kg5 43. e6 Kg6 44. Kd3 Kg5 45. Ke4 Kg6 46. Kd5 Kh6 47. Kd6 Rg8 48. Rf8 Rxf8 49. exf8=Q+ Kg6 50. e7 Kh5 51. Qg7 Kh4 52. e8=R Kh5 53. Rh8# 1-0

[Event "POL-chT 2nd League Juniors 2020"]
[Site "Sypniewo"]
[Date "2020.10.26"]
[Round "5.6"]
[White "Gornisiewicz, Zuzanna"]
[Black "Lajdamik, Anna"]
[Result "1-0"]
[ECO "B13"]
[WhiteElo "1023"]
[BlackElo "1292"]
[Annotator "NA RC"]
[PlyCount "99"]
[EventDate "2020.10.23"]
[EventType "team-tourn"]
[EventCountry "POL"]
[SourceTitle "playchess.com"]
[Source "ChessBase"]
[SourceQuality "1"]
[TimeControl "5400+30"]

1. e4 c6 2. d4 d5 3. exd5 cxd5 4. Bd3 Nc6 5. c3 Nf6 6. Bf4 Bg4 7. Qb3 Na5 8. Qc2 e6 9. Nd2 Bd6 10. Bxd6 Qxd6 11. Ngf3 Bxf3 12. Nxf3 Nc6 13. O-O O-O 14. h3 Rac8 15. a3 a6 16. Rfe1 b5 17. Qe2 Rb8 18. Ne5 Rb7 19. b3 Rc8 20. c4 Nxd4 21. Qb2 dxc4 22. bxc4 Rc5 23. Ng4 Nxg4 24. hxg4 e5 25. Rac1 f6 26. cxb5 axb5 27. a4 Rxc1 28. Rxc1 Rb8 29. axb5 Nf3+ 30. gxf3 Qxd3 31. b6 Qxf3 32. Qb4 Qb7 33. Rb1 Rd8 34. Qc4+ Kh8 35. Qc7 Rb8 36. Qxb7 Rxb7 37. Kf1 Kg8 38. Ke2 Kf7 39. Kd3 Ke6 40. Kc4 Kd7 41. Kb5 Kc8 42. Ra1 g6 43. Kc6 Rb8 44. Ra7 Kd8 45. b7 Ke7 46. Ra8 Rxa8 47. bxa8=Q f5 48. gxf5 gxf5 49. Qa7+ Kd8 50. Qd7# 1-0

[Event "POL-chT 2nd League Juniors 2020"]
[Site "Sypniewo"]
[Date "2020.10.26"]
[Round "5.7"]
[White "Jedrusik, Adam"]
[Black "Lewandowski, Wiktor"]
[Result "1-0"]
[ECO "A46"]
[WhiteElo "1891"]
[BlackElo "1756"]
[Annotator "NA RC"]
[PlyCount "73"]
[EventDate "2020.10.23"]
[EventType "team-tourn"]
[EventCountry "POL"]
[SourceTitle "playchess.com"]
[Source "ChessBase"]
[SourceQuality "1"]
[TimeControl "5400+30"]

1. d4 Nf6 2. Nf3 e6 3. Bg5 h6 4. Bh4 d5 5. Nbd2 Be7 6. e3 O-O 7. Bd3 c5 8. c3 Nc6 9. Ne5 Nxe5 10. dxe5 Nd7 11. Bxe7 Qxe7 12. f4 b6 (12... c4 $5 13. Bc2 Qc5 $11) 13. O-O Bb7 14. Nf3 {[%emt 0:01:42] D03: 1 d4 d5 2 Nf3 Nf6 3 Bg5, including Torre Attack with early ...d5.} a5 15. Qe2 {[%emt 0:08:05] [#]} Nb8 $146 ({Predecessor:} 15... Rfd8 16. Rad1 f6 17. exf6 Qxf6 18. Bb5 Nf8 19. Ne5 Rd6 20. Nc4 Rad8 21. Nxd6 Rxd6 {1-0 (35) Stogov,A (2303)-Khropova,L (2112) Moscow 2011}) 16. Rf2 Ba6 17. Bxa6 Nxa6 18. g4 c4 19. g5 Rfc8 (19... Nc5 $11) 20. gxh6 gxh6 (20... g6 {was called for.} 21. h4 Nc5) 21. Nd4 $2 (21. Rg2+ $18 Kh8 22. e4) 21... f5 {[%emt 0:05:33] [#]} (21... Kh7 $11 {keeps the balance.}) 22. exf6 $1 Qxf6 23. Kh1 Kf7 $2 (23... Kh8 $14) 24. e4 (24. Rg1 $142) 24... dxe4 25. f5 e5 26. Ne6 Nc5 27. Rg1 Rg8 (27... Nd3 $142 28. Rfg2 Qxf5) 28. Rxg8 (28. Rg6 $142 Rxg6 29. fxg6+ Kxe6 30. Qxc4+ (30. Rxf6+ Kxf6 31. Qxc4 Ra7 $18) 30... Ke7 31. Rxf6 Kxf6 32. Qf7+ Kg5 33. g7) 28... Rxg8 29. Nxc5 $2 (29. Qxc4 $18 {is the precise move to win.} Ke7 30. Nxc5) 29... bxc5 30. Qxc4+ {[%emt 0:00:04] Double Attack} Kf8 31. Qxc5+ Qe7 {[%emt 0:01:13] [#]} 32. Qc8+ $1 ({Inferior is} 32. Qxa5 Rg1+ {[%mdl 64] Decoy} 33. Kxg1 Qg5+ 34. Rg2 Qc1+ 35. Kf2 Qd2+ 36. Kg3 Qg5+ {[%mdl 64] Double Attack} 37. Kh3 Qh5+ 38. Kg3 Qg5+ {Double Attack} 39. Kh3 Qh5+ 40. Kg3 Qg5+ $11 {Double Attack}) 32... Kf7 33. Qc4+ {[%emt 0:00:42] Double Attack} Kf8 34. f6 $2 (34. Qxe4 $18 Qd7 35. Rf1) 34... Qd6 $18 (34... Qb7 $16 35. Qc5+ Kf7) 35. f7 Qd1+ 36. Rf1 Rg1+ 37. Kxg1 1-0

[Event "POL-chT 2nd League Juniors 2020"]
[Site "Sypniewo"]
[Date "2020.10.26"]
[Round "5.7"]
[White "Majdanski, Maksymilian"]
[Black "Ursnik, Patryk"]
[Result "1-0"]
[ECO "D11"]
[WhiteElo "1817"]
[BlackElo "1645"]
[Annotator "NA RC"]
[PlyCount "53"]
[EventDate "2020.10.23"]
[EventType "team-tourn"]
[EventCountry "POL"]
[SourceTitle "playchess.com"]
[Source "ChessBase"]
[SourceQuality "1"]
[TimeControl "5400+30"]

1. d4 d5 2. c4 c6 3. Nf3 e6 4. g3 dxc4 5. Bg2 Nf6 6. Ne5 Nbd7 7. Nxc4 Be7 8. O-O O-O 9. Nc3 Nb6 {[%emt 0:05:18] E06: Closed Catalan: Early deviations.} 10. Ne5 Nfd5 11. e4 Nc7 12. Be3 f6 13. Nd3 {[%emt 0:03:49] [#]} f5 $146 ({Predecessor:} 13... Nc4 $14 14. Bf4 Kh8 15. Qe2 Nd6 16. Rad1 Ncb5 17. Nc5 b6 18. e5 Nxc3 19. bxc3 Nb5 20. exf6 Bxf6 {1-0 (42) Dobrovolsky,K (2223)-Nagaytseva,M (1548) Kimry 2015}) 14. Nf4 Kh8 15. f3 (15. exf5 $16 exf5 16. d5) 15... Nc4 16. Qe2 b5 (16... Nxe3 $11 17. Qxe3 g5) 17. b3 Nxe3 18. Qxe3 b4 19. Na4 Nb5 20. Rfd1 Bg5 21. Rac1 fxe4 22. fxe4 Qf6 23. e5 Bxf4 $16 24. Qxf4 (24. exf6 $2 {is the wrong capture.} Bxe3+ 25. Kh1 Bxc1 $19) 24... Qxf4 25. gxf4 Rxf4 26. Bxc6 Bb7 27. Bxb7 1-0

[Event "POL-chT 2nd League Juniors 2020"]
[Site "Sypniewo"]
[Date "2020.10.26"]
[Round "5.9"]
[White "Wieckowski, Michal"]
[Black "Komendecki, Antoni"]
[Result "0-1"]
[ECO "A01"]
[WhiteElo "1494"]
[BlackElo "1801"]
[Annotator "NA RC"]
[PlyCount "42"]
[EventDate "2020.10.23"]
[EventType "team-tourn"]
[EventCountry "POL"]
[SourceTitle "playchess.com"]
[Source "ChessBase"]
[SourceQuality "1"]
[TimeControl "5400+30"]

1. b3 c5 2. Bb2 Nf6 3. e3 d5 4. f4 a6 5. a4 Nc6 6. Nf3 g6 7. Be2 Bg7 8. O-O O-O 9. Na3 Qc7 10. Qe1 Rd8 11. Qh4 Bf5 $11 12. Ng5 h6 13. g4 hxg5 14. fxg5 Nxg4 15. Bxg7 Kxg7 16. Bxg4 Rh8 17. Qf2 Ne5 18. Bxf5 Nf3+ 19. Kg2 Rxh2+ 20. Kxf3 Rxf2+ 21. Rxf2 gxf5 0-1

[Event "POL-chT 2nd League Juniors 2020"]
[Site "Sypniewo"]
[Date "2020.10.26"]
[Round "5.9"]
[White "Lochinski, Pawel"]
[Black "Cieply, Krzysztof"]
[Result "0-1"]
[ECO "B31"]
[WhiteElo "1426"]
[BlackElo "1573"]
[Annotator "NA RC"]
[PlyCount "58"]
[EventDate "2020.10.23"]
[EventType "team-tourn"]
[EventCountry "POL"]
[SourceTitle "playchess.com"]
[Source "ChessBase"]
[SourceQuality "1"]
[TimeControl "5400+30"]

1. e4 c5 2. Nf3 Nc6 3. Bb5 g6 4. O-O Bg7 5. Re1 Nf6 6. e5 Nd5 7. Nc3 Nxc3 8. dxc3 O-O 9. a4 Qc7 10. Bf4 a6 11. Bc4 e6 12. Qe2 b6 13. Nd2 Bb7 14. Bd3 Ne7 15. Nc4 Bc6 16. Nd6 a5 17. Bb5 f6 18. Rad1 g5 19. Bg3 f5 20. Bxc6 dxc6 21. f3 Ng6 22. Nc4 f4 23. Bf2 Rf5 24. Rd6 b5 25. Rxe6 bxc4 26. Qxc4 Qf7 27. b3 Nxe5 28. R6xe5 Rxe5 29. Rxe5 Qxc4 0-1

[Event "POL-chT 2nd League Juniors 2020"]
[Site "Sypniewo"]
[Date "2020.10.26"]
[Round "5.10"]
[White "Karaszewski, Gabriel"]
[Black "Leszczewicz, Karol"]
[Result "1/2-1/2"]
[ECO "B54"]
[WhiteElo "1614"]
[BlackElo "1267"]
[Annotator "NA RC"]
[PlyCount "79"]
[EventDate "2020.10.23"]
[EventType "team-tourn"]
[EventCountry "POL"]
[SourceTitle "playchess.com"]
[Source "ChessBase"]
[SourceQuality "1"]
[TimeControl "5400+30"]

1. e4 c5 2. Nf3 d6 3. d4 cxd4 4. Nxd4 Nf6 5. f3 Nc6 6. c4 e5 7. Nc2 Be7 8. Be3 O-O 9. Nc3 Be6 10. Be2 Re8 11. O-O Rc8 12. Qd2 h6 13. Rfd1 Qa5 14. Rac1 a6 15. b3 Red8 16. Na4 Qxd2 17. Rxd2 Nd7 18. Rcd1 f5 19. Nb6 Nxb6 20. Bxb6 Rf8 21. exf5 Bxf5 22. Bd3 Bxd3 23. Rxd3 Nb8 24. Ne3 Nd7 25. Nd5 Bg5 26. Bc7 Nc5 27. Rc3 e4 28. Bxd6 Rfe8 29. Bxc5 Rxc5 30. Rd4 exf3 31. gxf3 Re2 32. a4 a5 33. Re4 Rd2 34. Nf4 Bxf4 35. Rxf4 Rg5+ 36. Rg4 Re5 37. Re4 Rg5+ 38. Rg4 Re5 39. Re4 Rg5+ 40. Rg4 1/2-1/2

[Event "POL-chT 2nd League Juniors 2020"]
[Site "Sypniewo"]
[Date "2020.10.26"]
[Round "5.10"]
[White "Wojs, Alicja"]
[Black "Lewek, Jakub"]
[Result "1-0"]
[ECO "C47"]
[WhiteElo "1392"]
[BlackElo "1260"]
[Annotator "NA RC"]
[PlyCount "75"]
[EventDate "2020.10.23"]
[EventType "team-tourn"]
[EventCountry "POL"]
[SourceTitle "playchess.com"]
[Source "ChessBase"]
[SourceQuality "1"]
[TimeControl "5400+30"]

1. e4 e5 2. Nf3 Nc6 3. Nc3 Nf6 4. d4 exd4 5. Nxd4 Bb4 6. Nxc6 bxc6 7. Bd3 O-O 8. O-O Re8 9. Bg5 Bxc3 10. bxc3 d5 11. exd5 cxd5 12. Bxf6 Qxf6 13. Qh5 h6 14. Qxd5 Bg4 15. Qc4 Bh5 16. Qxc7 Rec8 17. Qa5 Bg4 18. Be4 Rab8 19. Qxa7 Qxc3 20. Rab1 Rxb1 21. Rxb1 Rd8 22. a4 Qf6 23. h3 Be6 24. Bd3 Qg5 25. Qe3 Qa5 26. Qe4 Bd5 27. Qh7+ Kf8 28. Qh8+ Ke7 29. Qxg7 Qxa4 30. Qxh6 Rg8 31. Qe3+ Kd6 32. Rb6+ Kc7 33. Qc5+ Bc6 34. Rb1 Rxg2+ 35. Kf1 Qh4 36. Qe5+ Kd7 37. Bf5+ Kd8 38. Rb8# 1-0

[Event "POL-chT 2nd League Juniors 2020"]
[Site "Sypniewo"]
[Date "2020.10.26"]
[Round "5.11"]
[White "Tarka, Aleksandra"]
[Black "Lascar, Maria Elena"]
[Result "1/2-1/2"]
[ECO "B20"]
[WhiteElo "1676"]
[BlackElo "1552"]
[Annotator "NA RC"]
[PlyCount "68"]
[EventDate "2020.10.23"]
[EventType "team-tourn"]
[EventCountry "POL"]
[SourceTitle "playchess.com"]
[Source "ChessBase"]
[SourceQuality "1"]
[TimeControl "5400+30"]

1. e4 c5 2. d3 Nc6 3. g3 g6 4. Bg2 Bg7 5. f4 e6 6. Nf3 Nge7 7. O-O O-O 8. c3 d5 9. Na3 a6 10. e5 b6 11. Be3 Bb7 12. Bf2 h6 13. Nc2 Rc8 14. Qe2 Nb8 15. g4 b5 16. d4 Nd7 17. Bh4 Re8 18. f5 Bf8 19. f6 Nc6 20. Bf2 cxd4 21. cxd4 Nb4 22. Nxb4 Bxb4 23. Be3 Bf8 24. Rac1 Qa5 25. b3 Rxc1 26. Rxc1 Rc8 27. Rxc8 Bxc8 28. Qd2 Qxd2 29. Bxd2 Nb8 30. Ne1 Nc6 31. Nc2 b4 32. Bf1 Bb7 33. Bd3 a5 34. Bb5 Na7 1/2-1/2

[Event "POL-chT 2nd League Juniors 2020"]
[Site "Sypniewo"]
[Date "2020.10.26"]
[Round "5.12"]
[White "Mainka, Anna"]
[Black "Ziobrowska, Maja"]
[Result "0-1"]
[ECO "C54"]
[WhiteElo "1280"]
[BlackElo "1483"]
[Annotator "NA RC"]
[PlyCount "128"]
[EventDate "2020.10.23"]
[EventType "team-tourn"]
[EventCountry "POL"]
[SourceTitle "playchess.com"]
[Source "ChessBase"]
[SourceQuality "1"]
[TimeControl "5400+30"]

1. e4 e5 2. Nf3 Nc6 3. Bc4 Bc5 4. c3 Nf6 5. d4 exd4 6. cxd4 Bb4+ 7. Bd2 Bxd2+ 8. Nbxd2 d5 9. exd5 Nxd5 10. Qb3 Nce7 11. O-O O-O 12. Rfe1 c6 13. h3 Qc7 14. Re2 h6 15. Rae1 Be6 16. Ne4 b5 17. Bxd5 Nxd5 18. Qd1 Rad8 19. Nc5 Nf4 20. Re4 Rd5 21. Ne5 Rfd8 22. Qf3 g5 23. Nxe6 Nxe6 24. Qf6 Nxd4 25. Qxh6 f5 26. Qxg5+ Qg7 27. Qxg7+ Kxg7 28. Rf4 Re8 29. Kf1 Rdxe5 30. Rxe5 Rxe5 31. Rxd4 Rc5 32. Rd7+ Kf6 33. Rxa7 Rc1+ 34. Ke2 Rc2+ 35. Kf3 Rxb2 36. Ra6 Rc2 37. g4 Rc3+ 38. Kg2 fxg4 39. hxg4 Kg5 40. f3 Kf4 41. Ra8 Rc2+ 42. Kh3 Kxf3 43. g5 Rc1 44. Rf8+ Ke4 45. Kg4 c5 46. g6 c4 47. Rf2 c3 48. Rg2 Rd1 49. g7 Rd8 50. Kg5 Kd3 51. Kf6 c2 52. Rg3+ Kd2 53. Rg2+ Kd3 54. Rg3+ Ke2 55. Rg2+ Kd1 56. Rg1+ Kd2 57. Rg2+ Kc3 58. Rg3+ Kb2 59. Rg2 Kb1 60. Rd2 Rxd2 61. g8=Q c1=Q 62. Qg6+ Qc2 63. Qg1+ Rd1 64. a4 b4 0-1

[Event "POL-chT 2nd League Juniors 2020"]
[Site "Sypniewo"]
[Date "2020.10.26"]
[Round "5.14"]
[White "Niemier, Hubert"]
[Black "Malek, Jan"]
[Result "1/2-1/2"]
[ECO "D00"]
[WhiteElo "1771"]
[BlackElo "1941"]
[Annotator "NA RC"]
[PlyCount "81"]
[EventDate "2020.10.23"]
[EventType "team-tourn"]
[EventCountry "POL"]
[SourceTitle "playchess.com"]
[Source "ChessBase"]
[SourceQuality "1"]
[TimeControl "5400+30"]

1. d4 d5 2. Bg5 c6 3. e3 Nd7 4. Nf3 g6 5. c4 Ngf6 6. Nc3 Bg7 7. Bd3 O-O 8. O-O {[%emt 0:00:11] D91: Grünfeld: 4 Nf3 Bg7 5 Bg5.} dxc4 9. Bxc4 Nb6 10. Bb3 {[%emt 0:01:29] [#]} a5 $146 ({Predecessor:} 10... Bg4 11. h3 Bf5 12. Qe2 Ne4 13. Bf4 Nxc3 14. bxc3 Nd5 15. Bxd5 cxd5 16. c4 dxc4 17. Qxc4 {0-1 (59) Seiler,D (2116)-Sawlin,M (2188) Germany 2019}) 11. a3 Bf5 12. h3 Ne4 13. Qe2 Nxg5 14. Nxg5 e5 15. Nxf7 Rxf7 16. Bxf7+ Kxf7 17. e4 exd4 18. exf5 dxc3 19. Qe6+ Kf8 20. bxc3 Qd5 21. Qe3 Nc4 22. Qf4 Qf7 23. Qh4 b5 24. fxg6 hxg6 25. Qg3 Re8 26. Rae1 Be5 27. f4 Bd6 28. Rxe8+ Qxe8 29. Qh4 Kg8 ({Weaker is} 29... Bxa3 30. f5 $17) 30. f5 (30. Re1 {is a better defense.} Qf7 31. a4) 30... Qe3+ 31. Kh1 Qe5 32. Qd8+ Kg7 33. f6+ {[%emt 0:10:53] [#]} Kh6 $19 (33... Kh7 $1) 34. Qh8+ Kg5 35. h4+ Kg4 36. Qc8+ Kh5 37. Qh8+ Kg4 38. Qc8+ Kh5 39. Qh3 Nd2 40. Qc8 Nc4 41. Qh8+ 1/2-1/2

[Event "POL-chT 2nd League Juniors 2020"]
[Site "Sypniewo"]
[Date "2020.10.26"]
[Round "5.15"]
[White "Trzebinski, Patryk"]
[Black "Skrzypinski, Jan"]
[Result "0-1"]
[ECO "B38"]
[WhiteElo "1837"]
[BlackElo "1418"]
[Annotator "NA RC"]
[PlyCount "70"]
[EventDate "2020.10.23"]
[EventType "team-tourn"]
[EventCountry "POL"]
[SourceTitle "playchess.com"]
[Source "ChessBase"]
[SourceQuality "1"]
[TimeControl "5400+30"]

1. e4 c5 2. Nf3 Nc6 3. c4 g6 4. d4 cxd4 5. Nxd4 Bg7 6. Be3 Nf6 7. Nc3 d6 8. f3 Bd7 9. Be2 a6 10. O-O O-O 11. Rc1 Rc8 12. Qd2 Nxd4 13. Bxd4 Bc6 14. Rfd1 {[%emt 0:00:50] B38: Sicilian: Maroczy Bind with 5...Bg7 and 7...0-0.} Nd7 15. b4 b6 {[%emt 0:08:23] [#]} 16. b5 $146 ({Predecessor:} 16. Bxg7 $16 Kxg7 17. f4 (17. Qd4+ Kg8 18. f4 Rc7 19. e5 dxe5 20. fxe5 e6 21. Qe3 Qe7 22. a3 {1-0 (40) Nazarov,B (2389)-Spasov,V (2452) ICCF email 2006})) 16... axb5 17. Nxb5 Bxb5 18. Bxg7 Kxg7 19. Qb2+ Kg8 20. Qxb5 Rc5 21. Qb4 Qa8 22. Qb1 Rfc8 23. f4 Qa3 24. Bg4 {[%emt 0:04:54] [#]} ({White should try} 24. Qb3 $15 Qa7 25. Qe3) 24... e6 ({Black should play} 24... Qe3+ $1 $19 25. Kh1 e6) 25. Qb3 $1 Qa7 26. Rxd6 b5 27. Kh1 (27. Qe3 $15) 27... Rxc4 28. Rcd1 Nf6 29. Qb2 Qe7 30. Bf3 Nxe4 31. Bxe4 $19 (31. Rd7 $17 Qf6 32. Qxf6 Nxf6 33. Rd8+ Rxd8 34. Rxd8+ Kg7 35. g3) 31... Rxe4 32. Qxb5 Qxd6 33. Qb1 Qxf4 34. Rf1 Qxf1+ 35. Qxf1 Rec4 0-1

[Event "POL-chT 2nd League Juniors 2020"]
[Site "Sypniewo"]
[Date "2020.10.26"]
[Round "5.16"]
[White "Kaczmarek, Jan"]
[Black "Malinowski, Szymon"]
[Result "1/2-1/2"]
[ECO "D26"]
[WhiteElo "1229"]
[BlackElo "1740"]
[Annotator "NA RC"]
[PlyCount "94"]
[EventDate "2020.10.23"]
[EventType "team-tourn"]
[EventCountry "POL"]
[SourceTitle "playchess.com"]
[Source "ChessBase"]
[SourceQuality "1"]
[TimeControl "5400+30"]

1. d4 d5 2. c4 dxc4 3. Nf3 Nf6 4. e3 e6 5. Bxc4 a6 6. Bb3 Be7 7. O-O O-O 8. Qe2 b5 9. a4 b4 10. Rd1 Bb7 11. Nbd2 Nbd7 12. Bc2 c5 13. Nb3 Qc7 14. dxc5 Nxc5 15. Nxc5 Bxc5 16. Bd2 Rfd8 17. Rac1 Qb6 18. Ne5 Rac8 19. Nc4 Qa7 20. e4 Bxf2+ 21. Qxf2 Qxf2+ 22. Kxf2 Rxc4 23. e5 Ne4+ 24. Ke3 g6 25. Bxe4 Rxe4+ 26. Kf2 Rxe5 27. Bxb4 Rxd1 28. Rxd1 Bd5 29. Rc1 Re4 30. Rc8+ Kg7 31. Bc3+ Kh6 32. a5 f5 33. Rc7 Rf4+ 34. Ke1 Rh4 35. Ra7 Rxh2 36. Rxa6 Kg5 37. Rd6 Rxg2 38. b4 h5 39. a6 h4 40. Bd2+ Kf6 41. Rxd5 exd5 42. a7 h3 43. a8=Q h2 44. Qc6+ Ke7 45. Bg5+ Rxg5 46. Qc7+ Kf6 47. Qxh2 Rg4 1/2-1/2

[Event "POL-chT 2nd League Juniors 2020"]
[Site "Sypniewo"]
[Date "2020.10.26"]
[Round "5.17"]
[White "Filipska, Maja"]
[Black "Niemier, Martyna"]
[Result "1-0"]
[ECO "B32"]
[WhiteElo "1849"]
[BlackElo "1235"]
[Annotator "NA RC"]
[PlyCount "61"]
[EventDate "2020.10.23"]
[EventType "team-tourn"]
[EventCountry "POL"]
[SourceTitle "playchess.com"]
[Source "ChessBase"]
[SourceQuality "1"]
[TimeControl "5400+30"]

1. e4 c5 2. Nf3 Nc6 3. d4 cxd4 4. Nxd4 e5 5. Nb5 a6 6. Nd6+ Bxd6 7. Qxd6 Qe7 8. Qd3 {[%emt 0:05:07] B32: Sicilian: Löwenthal and Kalashnikov Variations.} Nf6 9. Nc3 d5 10. Nxd5 Nxd5 11. exd5 Nb4 12. Qe4 f5 13. Qc4 b5 (13... Qd6 $14) 14. Qb3 {[%emt 0:02:07] [#]} Qc5 $146 (14... Qd6 $16 {was called for.}) ({Predecessor:} 14... Bb7 15. c4 bxc4 16. Bxc4 O-O-O 17. Bd2 Nxd5 18. Rc1 Kb8 19. O-O Rd6 20. Rfe1 Nc7 21. Bf4 {1-0 (21) Walasiak,D (2058)-Paprocki,A (1873) Poland 2015}) 15. c4 bxc4 16. Bxc4 a5 17. Be3 Qd6 18. a3 Na6 19. O-O O-O 20. f3 Kh8 21. Rac1 f4 22. Bf2 Qg6 23. Rfd1 Bh3 $18 24. Bf1 Rab8 25. Qd3 Rf6 26. Qxg6 Rxg6 27. d6 Rd8 28. d7 Bxd7 29. Rxd7 Rxd7 30. Rc8+ Rd8 31. Rxd8# 1-0

[Event "POL-chT 2nd League Juniors 2020"]
[Site "Sypniewo"]
[Date "2020.10.26"]
[Round "5.18"]
[White "Lewicka, Joanna"]
[Black "Konkol, Sandra"]
[Result "1-0"]
[ECO "B07"]
[WhiteElo "1243"]
[BlackElo "1235"]
[Annotator "NA RC"]
[PlyCount "45"]
[EventDate "2020.10.23"]
[EventType "team-tourn"]
[EventCountry "POL"]
[SourceTitle "playchess.com"]
[Source "ChessBase"]
[SourceQuality "1"]
[TimeControl "5400+30"]

1. e4 d6 2. d4 Nf6 3. Nc3 c6 4. Nf3 Bg4 5. Be2 e6 6. Bg5 Be7 7. O-O d5 8. e5 Nfd7 9. Bxe7 Qxe7 10. Nd2 Bxe2 11. Qxe2 O-O 12. f4 a6 13. f5 exf5 14. Rxf5 c5 15. Nxd5 Qe6 16. Qe4 Rc8 17. c3 cxd4 18. cxd4 Nc6 19. Raf1 Ne7 20. Nxe7+ Qxe7 21. Rxf7 Qxf7 22. Rxf7 Kxf7 23. e6+ 1-0

[Event "POL-chT 2nd League Juniors 2020"]
[Site "Sypniewo"]
[Date "2020.10.26"]
[Round "5.20"]
[White "Wojtasik, Szymon"]
[Black "Szuber, Dawid"]
[Result "1/2-1/2"]
[ECO "B32"]
[WhiteElo "1380"]
[BlackElo "1496"]
[Annotator "NA RC"]
[PlyCount "127"]
[EventDate "2020.10.23"]
[EventType "team-tourn"]
[EventCountry "POL"]
[SourceTitle "playchess.com"]
[Source "ChessBase"]
[SourceQuality "1"]
[TimeControl "5400+30"]

1. e4 c5 2. Nf3 Nc6 3. d4 cxd4 4. Nxd4 d5 5. Bb5 dxe4 6. Nxc6 Qxd1+ 7. Kxd1 a6 8. Ba4 Bd7 9. Nc3 Bxc6 10. Bxc6+ bxc6 11. Nxe4 e5 12. Ke2 f5 13. Nd2 Bd6 14. Nc4 Bc7 15. b3 Nf6 16. Ba3 Rd8 17. Rad1 Rxd1 18. Rxd1 Nd5 19. Bb2 Kf7 20. Kf1 Re8 21. g3 g5 22. Ne3 Nxe3+ 23. fxe3 Ke6 24. Ke2 h5 25. Rd3 h4 26. gxh4 gxh4 27. Rc3 Kd7 28. Rd3+ Kc8 29. Rd1 Rg8 30. Rf1 Rg5 31. e4 f4 32. Kf3 h3 33. Rf2 Bb6 34. Re2 Kd7 35. b4 Ke6 36. c4 Be3 37. Bc3 Rg1 38. Bd2 Bxd2 39. Rxd2 Rb1 40. c5 Rxb4 41. Kg4 Rxe4 42. Rd6+ Ke7 43. Kxh3 Ra4 44. Kg4 Rxa2 45. h4 Rg2+ 46. Kf3 Rg3+ 47. Kf2 Rh3 48. Rxc6 Rxh4 49. Rxa6 Rh2+ 50. Kf3 Rc2 51. Ra7+ Ke6 52. Rc7 Kd5 53. Rd7+ Kc6 54. Rd8 Rxc5 55. Ke4 Kb5 56. Rd7 Kc4 57. Rd8 Kc3 58. Rd7 Kc2 59. Rd8 Kc3 60. Rd7 Kc2 61. Rd8 Rc3 62. Kxe5 Rd3 63. Rxd3 Kxd3 64. Kxf4 1/2-1/2

[Event "POL-chT 2nd League Juniors 2020"]
[Site "Sypniewo"]
[Date "2020.10.26"]
[Round "5.21"]
[White "Bochenek, Ryszard"]
[Black "Doroba, Ludwik"]
[Result "1-0"]
[ECO "A06"]
[WhiteElo "1445"]
[BlackElo "1330"]
[Annotator "NA RC"]
[PlyCount "54"]
[EventDate "2020.10.23"]
[EventType "team-tourn"]
[EventCountry "POL"]
[SourceTitle "playchess.com"]
[Source "ChessBase"]
[SourceQuality "1"]
[TimeControl "5400+30"]

1. Nf3 d5 2. g3 Nf6 3. Bg2 c6 4. d3 Bf5 5. O-O e6 6. Nbd2 h6 7. Re1 Be7 8. c3 Nbd7 9. e4 dxe4 10. dxe4 Bh7 11. b4 a5 12. Qb3 axb4 13. cxb4 Qb6 14. Rb1 O-O 15. a3 Ng4 16. Re2 Nde5 17. Nxe5 Nxe5 18. Bb2 Qb5 19. Ree1 Bf6 20. Nf3 Nxf3+ 21. Qxf3 Bxb2 22. Rxb2 Rfd8 23. Rbb1 Rd3 24. Re3 Raxa3 25. Bf1 Rxe3 26. Qf4 e5 27. Qg4 f5 1-0

[Event "POL-chT 2nd League Juniors 2020"]
[Site "Sypniewo"]
[Date "2020.10.26"]
[Round "5.22"]
[White "Rumniak, Aleksy"]
[Black "Suszczynski, Dominik"]
[Result "1/2-1/2"]
[ECO "B90"]
[WhiteElo "1117"]
[BlackElo "1241"]
[Annotator "NA RC"]
[PlyCount "85"]
[EventDate "2020.10.23"]
[EventType "team-tourn"]
[EventCountry "POL"]
[SourceTitle "playchess.com"]
[Source "ChessBase"]
[SourceQuality "1"]
[TimeControl "5400+30"]

1. e4 c5 2. Nf3 d6 3. d4 cxd4 4. Nxd4 Nf6 5. Nc3 a6 6. Be3 e6 7. f3 Be7 8. Qd2 Qc7 9. Be2 b5 10. O-O Bb7 11. Rad1 d5 12. exd5 Nxd5 13. Nxd5 Bxd5 14. f4 Bb7 15. Bf3 Nc6 16. Nxc6 Bxc6 17. Bxc6+ Qxc6 18. c3 Rd8 19. Qe2 O-O 20. Bd4 Bc5 21. Qe5 Bxd4+ 22. Rxd4 Qb6 23. Rfd1 Rd5 24. Qe4 Rfd8 25. Kf1 Rxd4 26. Rxd4 Rxd4 27. Qxd4 Qxd4 28. cxd4 Kf8 29. Ke2 Ke7 30. Ke3 Kd6 31. Ke4 f5+ 32. Ke3 Kd5 33. Kd3 a5 34. h3 h5 35. h4 g6 36. g3 a4 37. b3 a3 38. Ke3 Kc6 39. Kd2 Kb6 40. Kd3 Kc6 41. Kc3 Kd5 42. Kd3 b4 43. Ke3 1/2-1/2

[Event "POL-chT 2nd League Juniors 2020"]
[Site "Sypniewo"]
[Date "2020.10.26"]
[Round "5.23"]
[White "Wasala, Wiktoria"]
[Black "Matyjasek, Michalina"]
[Result "0-1"]
[ECO "B23"]
[WhiteElo "1458"]
[BlackElo "1477"]
[Annotator "NA RC"]
[PlyCount "76"]
[EventDate "2020.10.23"]
[EventType "team-tourn"]
[EventCountry "POL"]
[SourceTitle "playchess.com"]
[Source "ChessBase"]
[SourceQuality "1"]
[TimeControl "5400+30"]

1. e4 c5 2. Nc3 Nc6 3. f4 g6 4. Nf3 Bg7 5. d3 d6 6. Be2 Nf6 7. O-O O-O 8. Kh1 Rb8 9. Be3 Ng4 10. Bg1 b5 11. h3 b4 12. Nd5 e6 13. Ne3 Nxe3 14. Bxe3 Bxb2 15. Rb1 Bg7 16. d4 Qa5 17. c3 bxc3 18. Rxb8 Nxb8 19. dxc5 dxc5 20. Qb3 Ba6 21. Bc4 Nc6 22. Bxa6 Qxa6 23. Rd1 Rb8 24. Qc2 Rb2 25. Qc1 c2 26. Rd2 Rb1 27. Rxc2 Rxc1+ 28. Rxc1 c4 29. e5 Qa3 30. Bd2 Qxa2 31. Bc3 Bf8 32. Ng5 h6 33. Ne4 Bb4 34. Nf6+ Kf8 35. Ra1 Qf2 36. Bxb4+ Nxb4 37. Rd1 Nd3 38. Rb1 Nb2 0-1